 Dungeon Crawl Stone Soup version 0.20-a0-1124-g2e29d97 (webtiles) character file.

775 Goblin1989 the Covert (level 7, 0/33 HPs)
             Began as a Spriggan Assassin on May 15, 2017.
             Slain by a hound (4 damage)
             ... on level 8 of the Dungeon.
             The game lasted 00:09:20 (1216 turns).

Goblin1989 the Covert (Spriggan Assassin)           Turns: 1216, Time: 00:09:21

Health: 0/33       AC:  3    Str:  7    XL:     7   Next: 54%
Magic:  8/8        EV: 17    Int: 12    God:
Gold:   53         SH:  0    Dex: 20    Spells: 6/6 levels left

rFire    . . .     SeeInvis +   a - +2 dagger
rCold    . . .     Gourm    .   (shield restricted)
rNeg     . . .     Faith    .   c - +0 robe
rPois    .         Spirit   .   (helmet restricted)
rElec    .         Reflect  .   d - +0 cloak
rCorr    .         Harm     .   (gloves unavailable)
MR       +....                  (boots unavailable)
Stlth    ++++++....             (no amulet)
Regen    0.2/turn               (no ring)
MPRegen  0.2/turn               (no ring)

@: marked, very quick
A: unfitting armour, see invisible, herbivore 3, speed 3, slow metabolism 2
a: no special abilities


You were on level 8 of the Dungeon.
You were not hungry.

You visited 1 branch of the dungeon, and saw 10 of its levels.

You collected 53 gold pieces.

Inventory:

Hand Weapons
 a - a +2 dagger (weapon)
 b - a +0 whip
 f - a +0 giant club
 g - a +0 giant club
 k - a +0 dagger
 o - a +0 war axe
 s - a +0 long sword
 w - a +0 blowgun {@w1}
 x - a +0 dagger
Missiles
 h - 60 stones (quivered)
 r - 13 bolts
 v - 41 arrows
 z - 7 poisoned needles
 A - 3 curare-tipped needles
Armour
 c - a +0 robe (worn)
 d - a +0 cloak (worn)
 j - a +0 robe
 q - a +0 buckler
 y - a +0 robe
Wands
 u - a wand of polymorph (17/24)
Scrolls
 m - a scroll of identify {unknown}
 n - a scroll of recharging {unknown}
 p - 2 scrolls of fear {unknown}
 t - a scroll of immolation {unknown}
Potions
 l - a potion of lignification {unknown}
Comestibles
 e - 6 bread rations {@e1}
 i - 3 meat rations {@e2}


   Skills:
 - Level 1.5 Fighting
 - Level 2.1 Short Blades
 - Level 2.0 Throwing
 - Level 1.5 Dodging
 + Level 13.7 Stealth


You had 6 spell levels left.
You didn't know any spells.

Dungeon Overview and Level Annotations

Branches:
Dungeon (10/15)
 Temple: D:4-7         Lair: D:8-11         Orc: D:9-12

Altars:
Elyvilon
Wu Jian
Xom
Yredelemnul

Shops:
D:8 *   D:9 !

Annotations:
D:3 Hook's ghost, amateur DsEn
D:5 exclusion: Sigmund, Sigmund
D:8 Goblin1989's ghost, weakling SpAs
D:9 exclusion: downstairs


Innate Abilities, Weirdness & Mutations

You are very small and have problems with some larger weapons.
You are too small for most types of armour.
You have supernaturally acute eyesight. (SInv)
You are a herbivore.
You cover ground extremely quickly.
You need consume almost no food.


Message History

The troll shouts!
There is a stone staircase leading up here.
You climb upwards.
There is a stone staircase leading down here.
Press: ? - help, v - describe, . - travel A stone staircase leading down.
Placed new exclusion.
Reduced exclusion size to a single square.
Found a stone staircase leading up.
There is a stone staircase leading up here.
A hound comes into view.
p - 2 scrolls labeled RUUW DOTOLELL (gained 1)
A wyvern skeleton comes into view.
There is a stone staircase leading up here.
You now have 38 gold pieces (gained 10).
i - 3 meat rations {@e2} (gained 1)
Found Vintatuf's Distillery.
You now have 53 gold pieces (gained 15).
Unknown command.
The alarm trap emits a blaring wail!
A sentinel's mark forms upon you.
You hear a bark!
You hear a shout! x7
There is a stone staircase leading up here.
The hound completely misses you. The hound misses you.
You climb upwards.
Goblin1989's ghost (weakling Spriggan Assassin) comes into view.
There is a stone staircase leading down here.
You hit the hound but do no damage. The hound bites you.
You take 1 damage, and have 32/33 hp.
You miss the hound. The hound bites you.
You take 6 damage, and have 26/33 hp.
You hit the hound but do no damage. The hound misses you. The hound bites you.
You take 1 damage, and have 25/33 hp.
You hit the hound but do no damage. The hound closely misses you.
Goblin1989's ghost hits you.
You take 1 damage, and have 24/33 hp.
You hit the hound.
The hound is lightly wounded.
The hound bites you. Goblin1989's ghost closely misses you.
You take 3 damage, and have 21/33 hp.
You hit the hound.
The hound is lightly wounded.
The hound closely misses you. Goblin1989's ghost misses you.
The hound misses you.
You completely miss the hound.
The hound is lightly wounded.
The hound bites you.
Goblin1989's ghost hits you but does no damage.
You take 2 damage, and have 19/33 hp.
You hit the hound but do no damage.
The hound is lightly wounded.
The hound misses you. Goblin1989's ghost barely misses you.
You hit the hound but do no damage.
The hound is lightly wounded.
The hound barely misses you. The hound bites you. Goblin1989's ghost hits you.
You take 2 damage, and have 18/33 hp.
An iguana comes into view.
The hound closely misses you.
You see here a scroll labeled AKOOSE OSIV.
For a moment, Goblin1989's ghost blends into the shadows.
The iguana hisses angrily.
Found Udagegh's Changing Room.
You barely miss the iguana. The iguana misses you.
You hear a distant blaring wail to the southeast.
Goblin1989's ghost completely misses you.
The hound bites you but does no damage.
You hear a shout!
You hear a bark!
You hear a shout! x2
You hear an angry hiss.
You hear a shout! x2; You hear two shouts!
You hear a howl!
You hear a shout! x2; You hear two shouts!
You hear a howl!
You hear a shout!
You hear a howl!
You hear a shout!
You hear a croak.
The iguana bites you!
* * * LOW HITPOINT WARNING * * *
You take 14 damage, and have 4/33 hp.
MASSIVE DAMAGE!!
Unknown command.
An orc wizard comes into view. It is wielding a dagger.
The iguana hisses menacingly.
An iguana comes into view.
An orc wizard comes into view. It is wielding a dagger.
An orc wizard and a centaur come into view.
A bullfrog comes into view.
There is an entrance to Udagegh's Changing Room here.
Unknown command.
You hit the hound.
The hound is moderately wounded.
The hound misses you.
You hit the hound.
The hound is heavily wounded.
The hound barely misses you.
You hit the hound.
The hound is heavily wounded.
The hound bites you.
* * * LOW HITPOINT WARNING * * *
Goblin1989's ghost misses you.
A hound comes into view.
You take 1 damage, and have 4/33 hp.
You hit the hound.
The hound is severely wounded.
The hound closely misses you. Goblin1989's ghost misses you.
The hound bites you.
You die...

████.?.........█
█..............█
█.............. ..
█............ ...
█.....████∆█████...
█████........l...h.
█...███.███....
.......█§Whl§█o...
█.......█§.@.§█....
█.....).█§.∩.§█....
█.......█§...§█o███
█.......█§§§§§█c█
█.......███████o.F.
..?............
..............Z
...........)...
...............


You could see a bullfrog, a centaur, 2 iguanas, 2 hounds, 3 orc wizards,
Goblin1989's ghost and a bullfrog zombie.

Vanquished Creatures
  A two-headed ogre (D:8)
  A spriggan (D:8)
  A bat (D:3)
  A jackal (D:4)
  A kobold (D:1)
  A frilled lizard (D:3)
6 creatures vanquished.

Notes
Turn   | Place    | Note
-------+----------+-------------------------------------------
     0 | D:1      | Goblin1989 the Spriggan Assassin began the quest for the Orb.
     0 | D:1      | Reached XP level 1. HP: 10/10 MP: 2/2
     9 | D:1      | Reached skill level 6 in Stealth
   129 | D:3      | Noticed Hook's ghost (amateur DsEn)
   334 | D:3      | Noticed an orc priest
   337 | D:3      | Noticed an orc wizard
   487 | D:4      | Found a shimmering altar of Xom.
   724 | D:5      | Entered Level 5 of the Dungeon
   725 | D:5      | Noticed Sigmund
   780 | D:6      | Found a basalt altar of Yredelemnul.
   916 | D:7      | Found a white marble altar of Elyvilon.
   916 | D:7      | Found an ornate altar of the Wu Jian Council.
   987 | D:8      | Noticed a spriggan baker
   988 | D:8      | Killed a spriggan baker
   988 | D:8      | Reached skill level 9 in Stealth
   988 | D:8      | Reached XP level 2. HP: 14/14 MP: 3/3
   988 | D:8      | Reached XP level 3. HP: 18/18 MP: 4/4
   988 | D:8      | Reached XP level 4. HP: 22/22 MP: 5/5
   988 | D:8      | Reached XP level 5. HP: 25/25 MP: 6/6
  1011 | D:8      | Noticed a two-headed ogre
  1037 | D:8      | Killed a two-headed ogre
  1037 | D:8      | Reached skill level 13 in Stealth
  1037 | D:8      | Reached XP level 6. HP: 30/30 MP: 7/7
  1037 | D:8      | Reached XP level 7. HP: 33/33 MP: 8/8
  1086 | D:10     | Entered Level 10 of the Dungeon
  1086 | D:10     | Noticed a troll
  1143 | D:9      | Found Vintatuf's Distillery.
  1188 | D:8      | Noticed Goblin1989's ghost (weakling SpAs)
  1201 | D:8      | Found Udagegh's Changing Room.
  1216 | D:8      | Slain by a hound

Vault maps used:
D:1:      saegor_arrival_simple_e
D:2:      kennysheep_slug_shrine, dk_noncrumbling_2
D:3:      nicolae_overflow_crystal_walls, lemuel_crystal_altar, first_bread,
          minivault_27
D:4:      kennysheep_slugbush, lemuel_crystal_altar, dk_xom_monty_hall
D:5:      serial_shops, shop_scrolls, uniq_sigmund
D:6:      nicolae_overflow_hidden_temple, minmay_temple_entry_trees,
          uniq_grinder
D:7:      nicolae_tso_besieged_by_evil, gammafunk_temple_overflow_statue
D:8:      chequers_temple_overflow_statue_of_worship, okawaru_gym_becter,
          erik_lair_orcish_takeover, the_bakery, nicolae_transmutations_shop
D:9:      serial_shops, nicolae_shop_waterfront, nicolae_shop_stone, shop,
          uniq_erica
D:10:     minmay_chopped_fan, kennysheep_orc_monster_closet_entryway,
          uniq_erolcha

Skill      XL: |  1  2  3  4  5 |
---------------+----------------+-----
Stealth        | 9 13 | 13.7
Fighting       | |  1.5
Short Blades   | |  2.1
Throwing       | |  2.0
Dodging        | |  1.5

Action                   |  1- 3 |  4- 6 |  7- 9 || total
-------------------------+-------+-------+-------++-------
Melee: Dagger            |    27 |       |    14 ||    41
 Fire: Blowgun           |       |    12 |       ||    12
Throw: Stone             |       |     2 |       ||     2
 Stab: Sleeping          |     1 |       |       ||     1
Armor: Robe              |    19 |       |     2 ||    21
Dodge: Dodged            |    64 |       |    19 ||    83

Vault maps used:
D:1:      saegor_arrival_simple_e
D:2:      kennysheep_slug_shrine, dk_noncrumbling_2
D:3:      nicolae_overflow_crystal_walls, lemuel_crystal_altar, first_bread,
          minivault_27
D:4:      kennysheep_slugbush, lemuel_crystal_altar, dk_xom_monty_hall
D:5:      serial_shops, shop_scrolls, uniq_sigmund
D:6:      nicolae_overflow_hidden_temple, minmay_temple_entry_trees,
          uniq_grinder
D:7:      nicolae_tso_besieged_by_evil, gammafunk_temple_overflow_statue
D:8:      chequers_temple_overflow_statue_of_worship, okawaru_gym_becter,
          erik_lair_orcish_takeover, the_bakery, nicolae_transmutations_shop
D:9:      serial_shops, nicolae_shop_waterfront, nicolae_shop_stone, shop,
          uniq_erica
D:10:     minmay_chopped_fan, kennysheep_orc_monster_closet_entryway,
          uniq_erolcha
